 Dungeon Crawl Stone Soup version 0.27-a0-242-ge0fc76b88b (webtiles) character file.

Game seed: 16337421181281218196

4020 Borgoz the Nimble (level 10, -4/84 HPs)
             Began as a Ghoul Gladiator on Feb 2, 2021.
             Was an Initiate of Dithmenos.
             Slain by iamserjio's ghost (16 damage)
             ... on level 6 of the Dungeon.
             The game lasted 00:11:19 (7821 turns).

Borgoz the Nimble (Ghoul Gladiator)                 Turns: 7821, Time: 00:11:19

Health: -4/84      AC:  9    Str: 19    XL:     10   Next: 23%
Magic:  9/9        EV: 16    Int:  6    God:    Dithmenos [......]
Gold:   342        SH:  5    Dex: 13    Spells: 9/9 levels left

rFire    . . .     SeeInvis .   a - +8 long sword "Quoli" {freeze, Int+3}
rCold    + . .     Faith    .   (no shield)
rNeg     + + +     Spirit   .   v - +1 leather armour "Hephiamo" {Harm Rampage rPois}
rPois    ∞         Reflect  +   c - +0 helmet
rElec    .         Harm     +   (no cloak)
rCorr    .         Rampage  +   w - +1 pair of gloves
Will     .....                  m - +0 pair of boots
Stlth    +.........             p - amulet of reflection
HPRegen  0.00/turn              (no ring)
MPRegen  0.11/turn              (no ring)

@: no status effects
A: claws 1, cold resistance 1, negative energy resistance 3, inhibited
regeneration, torment resistance, unbreathing
a: Renounce Religion


You were on level 6 of the Dungeon.
You worshipped Dithmenos.
Dithmenos was noncommittal.
You visited 2 branches of the dungeon, and saw 9 of its levels.
You also visited: Sewer.

You collected 342 gold pieces.

Inventory:

Hand Weapons
 a - the +8 long sword "Quoli" (weapon) {freeze, Int+3}
   (You found it on level 5 of the Dungeon)

   It has been specially enchanted to freeze those struck by it, causing extra
   injury to most foes and up to half again as much damage against particularly
   susceptible opponents.
   It can also slow down cold-blooded creatures.
   It affects your intelligence (+3).
 b - a +2 dagger of draining
Missiles
 d - 3 throwing nets (quivered)
Armour
 c - a +0 helmet (worn)
 m - a +0 pair of boots (worn)
 v - the +1 leather armour "Hephiamo" (worn) {Harm Rampage rPois}
   (You found it on level 5 of the Dungeon)

   It protects you from poison.
   It increases damage dealt and taken.
   It bestows one free step when moving towards enemies.
 w - a +1 pair of gloves (worn)
 B - a +3 leather armour of willpower
Jewellery
 p - an amulet of reflection (around neck)
 A - an uncursed amulet of the acrobat
Wands
 q - a wand of digging (14)
Scrolls
 f - 3 scrolls of remove curse
 k - a scroll of magic mapping
 l - 2 scrolls of fog {unknown}
 s - 2 scrolls of blinking {unknown}
 x - a scroll of teleportation {unknown}
 y - a scroll of enchant armour {unknown}
Potions
 g - 3 potions of curing
 h - a potion of invisibility {unknown}
 i - 2 potions of heal wounds {unknown}
 j - 2 potions of berserk rage {unknown}
 n - 3 potions of haste {unknown}
 r - a potion of might {unknown}
 t - a potion of flight
 u - a potion of cancellation {unknown}
 z - a potion of resistance {unknown}


   Skills:
 + Level 6.7 Fighting
 * Level 8.2 Long Blades
 - Level 1.7 Throwing
 + Level 5.1 Armour
 * Level 8.2 Dodging


You had 9 spell levels left.
You didn't know any spells.
Your spell library contained the following spells:

 Spells                   Type           Power        Failure   Level
 Foxfire                  Conj/Fire      0%           50%         1
 Freeze                   Ice            0%           50%         1
 Confusing Touch          Hex            0%           86%         3
 Conjure Flame            Conj/Fire      0%           86%         3
 Frozen Ramparts          Ice            0%           86%         3
 Gell's Gravitas          Tloc           0%           86%         3
 Inner Flame              Hex/Fire       0%           86%         3
 Ozocubu's Armour         Ice            0%           86%         3
 Hailstorm                Conj/Ice       0%           99%         4
 Petrify                  Tmut/Erth      0%           99%         4
 Sticky Flame             Conj/Fire      0%           99%         4
 Summon Ice Beast         Ice/Summ       0%           99%         4
 Fireball                 Conj/Fire      0%           100%        5
 Metabolic Englaciation   Hex/Ice        0%           100%        5
 Yara's Violent Unravell  Hex/Tmut       0%           100%        5


Dungeon Overview and Level Annotations

Branches:
Dungeon (8/15)             Temple (1/1) D:7           Sewer (visited)
   Lair: D:8-11

Altars:
Ashenzari
Cheibriados
Dithmenos
Elyvilon
Fedhas
Gozag
Hepliaklqana
Kikubaaqudgha
Makhleb
Nemelex Xobeh
Okawaru
Qazlal
Ru
Sif Muna
Trog
Uskayaw
Vehumet
Wu Jian
Xom
Yredelemnul
Zin
The Shining One

Annotations:
D:6 iamserjio's ghost, amateur NaFi


Innate Abilities, Weirdness & Mutations

You thrive by killing the living.
You are immune to poison.
You have sharp fingernails.
Your flesh is cold resistant. (rC+)
You are immune to negative energy. (rN+++)
You do not regenerate when monsters are visible.
You are immune to unholy pain and torment.
You can survive without breathing.


Message History

You bump into the rock wall.
You feel less invigorated.
You feel less confused. Iamserjio's ghost closely misses you.
Something hits you but does no damage.
It was a potion of curing.
You feel better. Iamserjio's ghost closely misses you.
Something hits you but does no damage.
You feel better. Iamserjio's ghost hits you! Something closely misses you.
You hit iamserjio's ghost. You freeze iamserjio's ghost.
Iamserjio's ghost is heavily damaged.
Iamserjio's ghost hits you!
* * * LOW HITPOINT WARNING * * *
Something hits you but does no damage.
Okay, then.
As you read the scroll of magic mapping, it crumbles to dust.
You feel momentarily disoriented.
Iamserjio's ghost whispers, "The ORB doesn't exist."
You block iamserjio's ghost's attack. Something hits you!
* * * LOW HITPOINT WARNING * * *
The orc curses repeatedly.
You feel better. Iamserjio's ghost hits you!
You die...

#....##.#########.###..#
#.##.##.#.......#.# ##.#
#.##.##.#.......#.# #..
#.##.##.'.......#.# ##.
####.##....'.......#.# #.
#<....####o†.......#.# #.
#.....## #{#.......#.# ##.
#......###W#.......#.####..
#.......##@#########.##...#
#.....#..#...........##.###
#.....##...#######..##..#
#####......#######...).##
#)...........(..[#..###
##....###.####.........
#....# #......##......
#....# ######........#
#....# #....##...


You could see iamserjio's ghost and an orc.

Vanquished Creatures
  A slime creature (D:6)
  Eustachio (D:5)
  Edmund (D:6)
  Menkaure (D:6)
  A water moccasin (D:7)
  Duvessa (D:7)
  3 sky beasts
  3 orc warriors
  2 ice beasts (D:6)
  2 black bears (D:7)
  3 ogres
  3 centaurs
  2 phantoms (D:7)
  The ghost of Philosophunculist the Gusty, an amateur TeAE (D:3)
  Blork the orc (D:6)
  4 bullfrogs
  Dowan (D:7)
  7 killer bees
  The ghost of gruber the Digger, a weakling TrEE (D:3)
  8 jellies (D:6)
  2 hounds
  2 orc priests
  A centaur skeleton (D:7)
  3 iguanas
  A worker ant (D:7)
  4 gnolls (D:5)
  A river rat (D:3)
  17 adders
  4 white imps
  15 oozes (D:6)
  An adder skeleton (D:5)
  2 adder zombies (D:5)
  4 worms
  2 dart slugs (D:2)
  13 leopard geckos
  11 orcs
  6 giant cockroaches
  5 goblins
  2 hobgoblins
  4 jackals (D:7)
  2 quokkas
  4 ball pythons
  5 bats
  14 frilled lizards
  4 kobolds
  8 rats
184 creatures vanquished.

Vanquished Creatures (others)
  A quokka (D:6)
  4 fungi (D:6)
5 creatures vanquished.

Grand Total: 189 creatures vanquished

Notes
Turn   | Place    | Note
-------+----------+-------------------------------------------
     0 | D:1      | Borgoz the Ghoul Gladiator began the quest for the Orb.
     0 | D:1      | Reached XP level 1. HP: 17/17 MP: 0/0
   269 | D:1      | Reached XP level 2. HP: 23/24 MP: 1/1
   900 | D:2      | Reached XP level 3. HP: 29/30 MP: 2/2
  1582 | D:2      | Reached XP level 4. HP: 37/37 MP: 3/3
  1771 | D:3      | Noticed gruber's ghost (weakling TrEE)
  1771 | D:3      | Noticed Philosophunculist's ghost (amateur TeAE)
  1772 | D:3      | Found a runed translucent gate.
  1772 | D:3      | Found a runed translucent gate.
  1772 | D:3      | Found a runed translucent gate.
  1950 | D:3      | Reached skill level 1 in Armour
  2029 | D:3      | Noticed an orc warrior
  2097 | D:3      | Found a glowing drain.
  2101 | Sewer    | Entered a sewer
  2463 | Sewer    | Reached XP level 5. HP: 43/45 MP: 4/4
  2602 | Sewer    | Reached XP level 6. HP: 24/51 MP: 5/5
  3170 | D:3      | Killed an orc warrior
  3951 | D:4      | Reached XP level 7. HP: 56/58 MP: 6/6
  4470 | D:5      | Entered Level 5 of the Dungeon
  4534 | D:5      | Reached skill level 5 in Long Blades
  4534 | D:5      | Reached skill level 5 in Dodging
  4735 | D:5      | Got a turquoise-encrusted leather armour
  4748 | D:5      | Got an ichor-stained long sword
  4749 | D:5      | Identified the +8 long sword "Quoli" {freeze, Int+3} (You
                  | found it on level 5 of the Dungeon)
  4761 | D:5      | Identified the cursed +1 leather armour "Hephiamo" {Harm
                  | Rampage rPois} (You found it on level 5 of the Dungeon)
  4794 | D:5      | Noticed Eustachio
  4815 | D:5      | Killed Eustachio
  5030 | D:5      | Reached XP level 8. HP: 58/67 MP: 7/7
  5203 | D:6      | Found a runed translucent gate.
  5203 | D:6      | Found a runed translucent gate.
  5203 | D:6      | Found a runed translucent gate.
  5203 | D:6      | Noticed an ogre mage
  5204 | D:6      | Noticed iamserjio's ghost (amateur NaFi)
  5226 | D:6      | Noticed Edmund
  5243 | D:6      | Killed Edmund
  5427 | D:6      | Found a white marble altar of Elyvilon.
  5436 | D:6      | Noticed Blork the orc
  5440 | D:6      | Reached skill level 5 in Fighting
  5441 | D:6      | Killed Blork the orc
  5534 | D:6      | Noticed a slime creature
  5543 | D:6      | Killed a slime creature
  5544 | D:6      | Reached XP level 9. HP: 24/74 MP: 8/8
  6042 | D:6      | Noticed Menkaure
  6046 | D:6      | Killed Menkaure
  6553 | D:7      | Found a shimmering blue altar of Sif Muna.
  6699 | D:7      | Noticed Duvessa
  6699 | D:7      | Noticed Dowan
  6702 | D:7      | Killed Duvessa
  6704 | D:7      | Killed Dowan
  6832 | D:7      | Reached XP level 10. HP: 84/84 MP: 9/9
  6925 | D:7      | Reached skill level 5 in Armour
  7123 | D:7      | Found an iron altar of Okawaru.
  7126 | D:7      | Found a shimmering altar of Xom.
  7126 | D:7      | Found a basalt altar of Yredelemnul.
  7128 | D:7      | Found a snail-covered altar of Cheibriados.
  7128 | D:7      | Found an iron altar of Okawaru.
  7128 | D:7      | Found a broken altar of Ashenzari.
  7445 | D:7      | Found a staircase to the Ecumenical Temple.
  7473 | Temple   | Entered the Ecumenical Temple
  7540 | Temple   | Became a worshipper of Dithmenos the Shadowed
  7703 | D:3      | Killed Philosophunculist's ghost
  7706 | D:3      | Killed gruber's ghost
  7820 | D:6      | HP: 2/84 [something (13)]
  7821 | D:6      | Slain by iamserjio's ghost

Illustrated notes

Levels and vault maps discovered:
D:1:      minmay_arrival_open_corners, layout_basic
D:2:      layout_basic, minmay_close_crescents
D:3:      minmay_skewed_foursquare, layout_basic, gup_sewer_entry_bowl,
          gammafunk_ghost_cemetery
D:4:      layout_basic, minivault_26
D:5:      layout_rooms, uniq_eustachio
D:6:      lemuel_slime, layout_rooms, elyvilon_altar_4, gammafunk_ghost_split,
          nrook_mini_vaults, uniq_menkaure, uniq_edmund, uniq_blork_the_orc
D:7:      minmay_angry_zag, layout_basic, minmay_temple_entry_nine_rooms,
          basic_altar, doesnt_xom_only_xom, uniq_duvessa
D:8:      layout_gridville, uniq_pikel
Temple:   dpeg_three_leaves_temple

Skill      XL: |  1  2  3  4  5  6  7  8  9 10 |
---------------+-------------------------------+-----
Long Blades    | 3 4 5 6 7 8 |  8.2
Dodging        | 3 4 5 6 7 8 |  8.2
Armour         | 1 2 3 4 5 |  5.1
Fighting       | 3 4 5 6 |  6.7
Throwing       | |  1.7

Action                   |  1- 3 |  4- 6 |  7- 9 | 10-12 || total
-------------------------+-------+-------+-------+-------++-------
Melee: Long sword        |    37 |       |   166 |    51 ||   254
       Dagger            |    53 |   239 |    75 |       ||   367
Throw: Throwing net      |       |       |     1 |       ||     1
  Use: Scroll            |       |     2 |     5 |     1 ||     8
       Potion            |       |       |       |     4 ||     4
 Stab: Sleeping          |       |       |       |     1 ||     1
Armor: Ring mail         |    32 |    81 |    14 |       ||   127
       Leather armour    |     3 |       |    23 |    18 ||    44
Dodge: Dodged            |    43 |   138 |   168 |    40 ||   389
Block: Other             |       |    46 |    50 |    18 ||   114
       Reflection        |       |       |       |     1 ||     1
       Rpst.: Long sword |     8 |       |    42 |     9 ||    59

Table legend: (Time is in decaauts)
 A = Elapsed time spent in this place.
 B = Non-inter-level travel time spent in this place.
 C = Inter-level travel time spent in this place.
 D = Time resting spent in this place.
 E = Time spent auto-exploring this place.
 F = Levels seen in this place.
 G = Mean time per level.
                   A        B        C        D        E       F      G
               +--------+--------+--------+--------+--------+-----+--------+
         Total |   7905 |   7528 |    377 |   1495 |   4535 |  10 |  790.5 |
       Dungeon |   6762 |   6414 |    348 |   1155 |   4056 |   8 |  845.2 |
        Temple |    108 |     79 |     29 |      0 |     78 |   1 |  108.0 |
         Sewer |   1034 |   1034 |      0 |    340 |    400 |   1 | 1034.0 |
               +--------+--------+--------+--------+--------+-----+--------+

Top non-repeatable levels by time:
     D:7: 1523 daAuts
   Sewer: 1034 daAuts
     D:3: 1014 daAuts
     D:4: 908 daAuts
     D:2: 891 daAuts
     D:6: 873 daAuts
     D:1: 822 daAuts
     D:5: 722 daAuts
  Temple: 108 daAuts
     D:8: 6 daAuts
